 Dungeon Crawl Stone Soup version 0.18.1-48-g4cf74bf (webtiles) character file.

85 Mesmaeker13 the Magician (level 4, -2/33 HPs)
             Began as a Draconian Wizard on Sept 7, 2016.
             Killed from afar by Natasha (6 damage)
             ... with a magic dart
             ... on level 2 of the Dungeon on Sept 8, 2016.
             The game lasted 00:05:02 (2123 turns).

Mesmaeker13 the Magician (Draconian Wizard)         Turns: 2123, Time: 00:05:03

Health: -2/33      AC:  6    Str: 10    XL:     4   Next: 25%
Magic:  3/9        EV: 12    Int: 19    God:
Gold:   28         SH:  0    Dex:  9    Spells: 2 memorised, 6 levels left

rFire  . . .     SeeInvis .     h - +0 dagger
rCold  . . .     Gourm    .     (armour unavailable)
rNeg   . . .     Faith    .     (no shield)
rPois  .         Spirit   .     a - +0 hat
rElec  .         Dismiss  .     (no cloak)
rCorr  .         Reflect  .     g - +0 pair of gloves
SustAt .         Harm     .     (no boots)
MR     .....                    m - amulet of rage
Stlth  +.........               (no ring)
                                (no ring)

@: slowed, very slow, not resistant to hostile enchantments, very unstealthy
A: unfitting armour, cold-blooded, AC +5
a: Evoke Berserk Rage


You were on level 2 of the Dungeon.
You were very hungry.

You visited 1 branch of the dungeon, and saw 2 of its levels.

You collected 28 gold pieces.

Inventory:

Hand Weapons
 h - a +0 dagger (weapon)
Missiles
 k - 7 tomahawks (quivered)
Armour
 a - a +0 hat (worn)
 g - a +0 pair of gloves (worn)
Jewellery
 m - an amulet of rage (around neck)
Scrolls
 e - a scroll of remove curse {unknown}
 f - a scroll of identify {unknown}
 n - a scroll of fog {unknown}
 o - a scroll of recharging {unknown}
Potions
 d - a potion of haste {unknown}
 i - a potion of curing
 p - a potion of degeneration {unknown}
Books
 b - a book of Minor Magic

   Spells                             Type                      Level
   a - Magic Dart                     Conjuration                  1
   b - Blink                          Translocation                2
   c - Call Imp                       Summoning                    2
   d - Repel Missiles                 Charms/Air                   2
   e - Slow                           Hexes                        2
   f - Conjure Flame                  Conjuration/Fire             3
   g - Mephitic Cloud                 Conjuration/Poison/Air       3
Comestibles
 c - 3 bread rations
 j - 3 meat rations
 l - a slice of pizza
 r - a beef jerky


   Skills:
 + Level 2.7 Dodging
 - Level 1.7 Stealth
 - Level 3.4 Spellcasting
 + Level 2.5 Conjurations
 + Level 1.5 Summonings
   Level 1.0 Translocations


You had 6 spell levels left.
You knew the following spells:

 Your Spells              Type           Power        Failure   Level  Hunger
a - Magic Dart            Conj           ##..         8%          1    None
b - Call Imp              Summ           #.......     14%         2    ##.....


Dungeon Overview and Level Annotations

Branches:
Dungeon (2/15)

Altars:

Annotations:
D:2 Natasha


Innate Abilities, Weirdness & Mutations

Your plain brown scales are hard (AC +5).
Your body does not fit into most forms of armour.
You are cold-blooded and may be slowed by cold attacks.


Message History

Natasha casts a spell at you.
You feel yourself slow down. The white imp hits you.
* * * LOW HITPOINT WARNING * * *
The white imp freezes you.
* * * LOW HITPOINT WARNING * * *
Drink which item? (? for menu, Esc to quit)
It was a potion of curing.
You feel better. Natasha misses you. The white imp barely misses you.
The crimson imp shouts, "Accept thy failure, thou bumbling limp-willed flim-flammer!"
The crimson imp barely misses you.
The white imp hits you but does no damage.
The crimson imp blinks!
Natasha claws you!
* * * LOW HITPOINT WARNING * * *
The white imp closely misses you.
Natasha stares at you and mumbles some strange words.
The magic dart hits you!
* * * LOW HITPOINT WARNING * * *
Natasha casts a spell at you. The magic dart hits you!
You die...

#.............# #.#
####.........###.# #.#
##.......##.#.....###.#
#......#.##...........#
#......#.##...###.....#
#.............###.###.###
##...................#...#
#........h###.####.#.#.#.##
##.....5.5@................
.......###########.########
....#.# #...# ...... #####
##.## .. #


You could see Natasha, a crimson imp and a white imp.

Vanquished Creatures
  Natasha (D:2)
  A worm (D:2)
  A dart slug (D:1)
  5 hobgoblins (D:1)
  3 bats (D:1)
  A giant newt (D:1)
  2 goblins (D:1)
  7 kobolds
  11 rats
32 creatures vanquished.

Vanquished Creatures (collateral kills)
  Natasha (D:2)
  An adder (D:2)
  An ooze (D:2)
  A dart slug (D:2)
  A hobgoblin (D:2)
5 creatures vanquished.

Grand Total: 37 creatures vanquished

Notes
Turn   | Place    | Note
--------------------------------------------------------------
     0 | D:1      | Mesmaeker13 the Draconian Wizard began the quest for the Orb.
     0 | D:1      | Reached XP level 1. HP: 14/14 MP: 4/4
   451 | D:1      | Reached XP level 2. HP: 20/20 MP: 6/6
  1238 | D:2      | Learned a level 2 spell: Call Imp
  1252 | D:2      | Reached XP level 3. HP: 19/26 MP: 4/7
  1673 | D:2      | Noticed Natasha
  1685 | D:2      | Killed Natasha
  1998 | D:2      | Noticed Natasha
  2006 | D:2      | Killed Natasha
  2006 | D:2      | Reached XP level 4. HP: 32/33 MP: 2/9
  2104 | D:2      | Noticed Natasha
  2123 | D:2      | Killed from afar by Natasha

Skill      XL: |  1  2  3 |
---------------+----------+-----
Dodging        | 2 |  2.7
Conjurations   | 2 |  2.5
Stealth        | |  1.7
Spellcasting   | |  3.4
Summonings     | |  1.5
Translocations | |  1.0

Action                   |  1- 3 |  4- 6 || total
-------------------------+-------+-------++-------
Melee: Unarmed           |    13 |       ||    13
       Dagger            |    88 |     6 ||    94
       Tailslap          |     6 |       ||     6
 Cast: Magic Dart        |    41 |     7 ||    48
       Call Imp          |     7 |     1 ||     8
  Use: Potion            |       |     1 ||     1
 Stab: Sleeping          |     3 |       ||     3
  Eat: Chunk             |     3 |       ||     3
Armor: Skin              |    38 |     5 ||    43
Dodge: Dodged            |    66 |    11 ||    77
